 Dungeon Crawl Stone Soup version 0.20-a0-526-g753eaab (webtiles) character file.

44 KristoblXynda the Insei (level 3, 0/23 HPs)
             Began as an Octopode Transmuter on Jan 26, 2017.
             Slain by a crimson imp (1 damage)
             ... summoned by Natasha
             ... on level 2 of the Dungeon.
             The game lasted 00:02:53 (1693 turns).

KristoblXynda the Insei (Octopode Transmuter)       Turns: 1693, Time: 00:02:54

Health: 0/23       AC:  1    Str: 10    XL:     3   Next: 60%
Magic:  6/6        EV: 13    Int: 15    God:
Gold:   72         SH:  0    Dex: 12    Spells: 5/6 levels left

rFire    . . .     SeeInvis .     - Unarmed
rCold    . . .     Gourm    .   (no shield)
rNeg     . . .     Faith    .   (helmet restricted)
rPois    .         Spirit   .   (no amulet)
rElec    .         Reflect  .   (no ring)
rCorr    .         Harm     .   (no ring)
MR       .....                  (no ring)
Stlth    ++........             (no ring)
Regen    0.1/turn               (no ring)
                                (no ring)
                                (no ring)
                                (no ring)

@: appendage, slowed, very slow
A: almost no armour, stealthy swim, amphibious, 8 rings, constrict 8, tentacle
spike 3, camouflage 1, gelatinous body 1
a: End Transformation


You were on level 2 of the Dungeon.
You were very hungry.
One of your tentacles had a temporary spike.
You visited 1 branch of the dungeon, and saw 2 of its levels.

You collected 72 gold pieces.

Inventory:

Jewellery
 a - an uncursed amulet of magic regeneration {unknown}
Scrolls
 e - 3 scrolls of identify {unknown}
 g - a scroll of fear {unknown}
 h - 2 scrolls of teleportation {unknown}
Books
 b - a book of Changes

   Spells                             Type                      Level
   a - Beastly Appendage              Transmutation                1
   b - Sticks to Snakes               Transmutation                2
   c - Spider Form                    Transmutation/Poison         3
   d - Ice Form                       Ice/Transmutation            4
   e - Blade Hands                    Transmutation                5
Comestibles
 c - a bread ration
 d - a meat ration
 f - a royal jelly
 i - 2 fruits


   Skills:
 - Level 1.0 Fighting
 - Level 2.0 Dodging
 * Level 4.0 Unarmed Combat
 - Level 2.0 Spellcasting
 + Level 2.6 Transmutations


You had 5 spell levels left.
You knew the following spells:

 Your Spells              Type           Power        Failure   Level  Hunger
a - Beastly Appendage     Tmut           #.....       10%         1    #......


Dungeon Overview and Level Annotations

Branches:
Dungeon (2/15)

Altars:

Annotations:
D:2 Natasha


Innate Abilities, Weirdness & Mutations

You cannot wear most types of armour.
You are very stealthy in the water. (Stealth+)
You are amphibious.
You can wear up to eight rings at the same time.
You can use your tentacles to constrict eight enemies at once.
Your skin changes colour to match your surroundings (Stealth+).
Your rubbery body absorbs attacks. (AC +1, EV +1)
One of your tentacles bears a large vicious spike.


Message History

You constrict Natasha.
Natasha drinks a potion.
Natasha is healed!
The crimson imp closely misses you.
Unknown command.
You barely miss Natasha. You squeeze Natasha.
Natasha is heavily wounded.
You constrict Natasha, but do no damage.
Natasha misses you. The crimson imp closely misses you. Natasha misses you.
The crimson imp barely misses you.
You tentacle-slap Natasha.
You pierce Natasha.
Natasha is severely wounded.
You constrict Natasha. Natasha barely misses you. The crimson imp hits you.
* * * LOW HITPOINT WARNING * * *
Unknown command.
You barely miss Natasha.
Natasha is almost dead.
You constrict Natasha, but do no damage.
Natasha claws you.
* * * LOW HITPOINT WARNING * * *
The crimson imp hits you.
You die...

####### ### ......
..###+###
.....###########........
........................
......<#..##.##.@......<
.#....##.....##.5h......
.............##.........
...#.#.......##.....[...
...#....................
...##........##.##+#....
.............##.# ....
.รท...........##. ...
......#.#.##..


You could see Natasha and a crimson imp.

Vanquished Creatures
  2 adders (D:2)
  An ooze (D:1)
  A dart slug (D:1)
  4 goblins (D:1)
  2 hobgoblins (D:1)
  2 kobolds
  2 bats
  A frilled lizard (D:2)
  6 rats (D:1)
21 creatures vanquished.

Notes
Turn   | Place    | Note
-------+----------+-------------------------------------------
     0 | D:1      | KristoblXynda the Octopode Transmuter began the quest for the Orb.
     0 | D:1      | Reached XP level 1. HP: 13/13 MP: 3/3
   228 | D:1      | Reached XP level 2. HP: 5/18 MP: 5/5
  1361 | D:2      | Reached XP level 3. HP: 15/23 MP: 4/6
  1364 | D:2      | Reached skill level 4 in Unarmed Combat
  1680 | D:2      | Noticed Natasha
  1693 | D:2      | HP: 1/23 [Natasha (4)]
  1693 | D:2      | Slain by a crimson imp

Vault maps used:
D:1:      roderic_lyre, serial_curves, eino_curves_02, eino_curves_01
D:2:      uniq_natasha

Skill      XL: |  1  2  3 |
---------------+----------+-----
Unarmed Combat | 4 |  4.0
Fighting       | |  1.0
Dodging        | |  2.0
Spellcasting   | |  2.0
Transmutations | |  2.6

Action                   || total
-------------------------++-------
Melee: Unarmed           ||    61
       Constrict         ||    16
       Tentacles         ||    12
       Punch             ||     5
       Kick              ||     3
 Cast: Beastly Appendage ||     2
 Stab: Sleeping          ||     3
  Eat: Chunk             ||     1
Armor: Skin              ||     3
Dodge: Dodged            ||    43
